IL
IOWA CUBS @ LOUISVILLE BATS
08/16/2049
 
TOP OF THE 1ST
Iowa Cubs batting - Pitching for Louisville Bats : RHP Roberto Cortez
Pitching: RHP Roberto Cortez
Batting: RHB Frank Caulfield 0-0: SINGLE (Line Drive, 4D, EV 98.1 MPH)
Batting: RHB Adam Kelliher 0-0: Called Strike
0-1: Called Strike
Frank Caulfield steals 2nd base
0-2: Ground out 4-3 (Groundball, 4MS, EV 83.1 MPH)
Frank Caulfield to third
Batting: RHB Ryan Walker 0-0: Called Strike
0-1: Ball
1-1: Ball
2-1: Called Strike
2-2: Foul Ball, location: 2F
2-2: Foul Ball, location: 2F
2-2: Ball
3-2: SINGLE (Groundball, 6MD, EV 100.0 MPH)
Frank Caulfield scores
Batting: LHB Wing-tat Tai 0-0: Foul Ball, location: 2F
0-1: Ball
1-1: Foul Ball, location: 2F
1-2: Foul Ball, location: 2F
1-2: Foul Ball, location: 2F
1-2: Ball
2-2: Fly out, F7 (Flyball, 7LS, EV 91.2 MPH)
Batting: RHB Brad Santanello 0-0: Foul Ball, location: 2F
0-1: Ball
1-1: Ball
2-1: Swinging Strike
2-2: Ball
3-2: SINGLE (Groundball, 6MD, EV 102.5 MPH)
Ryan Walker to second
Ryan Walker to third
Batting: RHB Josh Asch 0-0: Called Strike
0-1: Ball
1-1: Ball
2-1: Ball
3-1: Base on Balls
Brad Santanello to second
Batting: RHB Ricardo Aguinaga 0-0: Foul Ball, location: 2F
0-1: Swinging Strike
0-2: Foul Ball, location: 2F
0-2: Foul Ball, location: 2F
0-2: Foul Ball, location: 2F
0-2: Foul Ball, location: 2F
0-2: Ball
1-2: Ball
2-2: Ball
3-2: Reached via error on a dropped throw from SS, E3 (Groundball, 6, EV 80.0 MPH)
Ryan Walker scores
Brad Santanello to third
Josh Asch to second
Batting: RHB Tim Long 0-0: Ball
1-0: Ball
2-0: GRAND SLAM HOME RUN (Flyball, 78XD, EV 105.0 MPH), Distance : 426 ft
Batting: RHB Khalil Stephens 0-0: Swinging Strike
0-1: Ball
1-1: Called Strike
1-2: DOUBLE (Line Drive, 9LM, EV 111.2 MPH)
Pitching: RHP Omar Vinson
Batting: RHB Frank Caulfield 0-0: Swinging Strike
0-1: Ball
1-1: Ground out 6-3 (Groundball, 56, EV 87.5 MPH)
Top of the 1st over - 6 runs, 5 hits, 1 error, 1 left on base; Iowa 6 - Louisville 0
BOTTOM OF THE 1ST
Louisville Bats batting - Pitching for Iowa Cubs : RHP Dustin Buckner
Pitching: RHP Dustin Buckner
Batting: RHB Takanibu Kaneshiro 0-0: Ball
1-0: Swinging Strike
1-1: Ball
2-1: Ball
3-1: Ground out 4-3 (Groundball, 4M, EV 94.4 MPH)
Batting: SHB Freddie Farrar 0-0: Called Strike
0-1: Ball
1-1: Ball
2-1: Ball
3-1: Base on Balls
Batting: LHB Jamie Spangenberg 0-0: Ball
1-0: Called Strike
1-1: Foul Ball, location: 2F
1-2: Ball
2-2: SINGLE (Line Drive, 89S, EV 91.2 MPH)
Freddie Farrar to second
Runner from 2nd tries for 3rd, SAFE, throw by RF made to third
Batting: RHB Bruno André 0-0: SINGLE (Line Drive, 6MD, EV 98.1 MPH)
Freddie Farrar scores
Jamie Spangenberg to second
Batting: RHB Jonathan Robies 0-0: Ball
1-0: Ball
2-0: Called Strike
2-1: Foul Ball, location: 2F
2-2: Foul Ball, location: 2F
2-2: SINGLE (Groundball, 6S, EV 69.4 MPH) (infield hit)
Jamie Spangenberg to third
Bruno André to second
Batting: LHB Leo Gomez 0-0: Called Strike
0-1: Ball
1-1: Ball
2-1: Swinging Strike
2-2: Ball
3-2: Base on Balls
Jamie Spangenberg scores
Bruno André to third
Jonathan Robies to second
Batting: RHB Won-jun Park 0-0: Ball
1-0: Foul Ball, location: 2F
1-1: Ball
2-1: Ball
3-1: Base on Balls
Bruno André scores
Jonathan Robies to third
Leo Gomez to second
Batting: RHB Danny Real 0-0: Called Strike
0-1: Foul Ball, location: 2F
0-2: Fly out, F9 (Flyball, 9D, EV 88.8 MPH)
Runner from 3rd tags up, SCORES, throw by RF
Leo Gomez to third
Batting: SHB Paul Sandoval 0-0: Ball
1-0: Swinging Strike
1-1: Foul Ball, location: 2F
1-2: Foul Ball, location: 2F
1-2: Fly out, F8 (Flyball, 78D, EV 102.5 MPH)
Bottom of the 1st over - 4 runs, 3 hits, 0 errors, 2 left on base; Iowa 6 - Louisville 4
TOP OF THE 2ND
Iowa Cubs batting - Pitching for Louisville Bats : RHP Omar Vinson
Batting: RHB Adam Kelliher 0-0: Ball
1-0: Called Strike
1-1: Ball
2-1: Bunt for hit to 13S - play at first, batter OUT! 1-3
Batting: RHB Ryan Walker 0-0: SINGLE (Line Drive, 9S, EV 97.5 MPH)
Batting: LHB Wing-tat Tai 0-0: Ball
1-0: Ball
2-0: Fielders Choice at 2nd, 5-4 (Groundball, 56, EV 111.2 MPH)
Batting: RHB Brad Santanello 0-0: Fielders Choice at 2nd, 6-4 (Groundball, 6, EV 83.8 MPH)
Top of the 2nd over - 0 runs, 1 hit, 0 errors, 1 left on base; Iowa 6 - Louisville 4
BOTTOM OF THE 2ND
Louisville Bats batting - Pitching for Iowa Cubs : RHP Dustin Buckner
Batting: RHB Takanibu Kaneshiro 0-0: Foul Ball, location: 2F
0-1: Foul Ball, location: 2F
0-2: Ball
1-2: Ball
2-2: SINGLE (Groundball, 6D, EV 100.0 MPH)
Batting: SHB Freddie Farrar 0-0: Ball
1-0: Swinging Strike
1-1: Ball
2-1: Fly out, F8 (Flyball, 8RM, EV 89.4 MPH)
Batting: LHB Jamie Spangenberg 0-0: Foul Ball, location: 2F
0-1: Swinging Strike
0-2: Grounds into double play, 6-4-3 (Groundball, 6, EV 85.0 MPH)
Bottom of the 2nd over - 0 runs, 1 hit, 0 errors, 0 left on base; Iowa 6 - Louisville 4
TOP OF THE 3RD
Iowa Cubs batting - Pitching for Louisville Bats : RHP Omar Vinson
Batting: RHB Josh Asch 0-0: Ball
1-0: Called Strike
1-1: Swinging Strike
1-2: Strikes out swinging
Batting: RHB Ricardo Aguinaga 0-0: Ball
1-0: Foul Ball, location: 2F
1-1: Fly out, F9 (Line Drive, 9D, EV 105.6 MPH)
Batting: RHB Tim Long 0-0: Called Strike
0-1: SINGLE (Groundball, 56D, EV 109.4 MPH)
Batting: RHB Khalil Stephens 0-0: Fly out, F9 (Flyball, 89D, EV 91.9 MPH)
Top of the 3rd over - 0 runs, 1 hit, 0 errors, 1 left on base; Iowa 6 - Louisville 4
BOTTOM OF THE 3RD
Louisville Bats batting - Pitching for Iowa Cubs : RHP Dustin Buckner
Batting: RHB Bruno André 0-0: Ball
1-0: Ground out 5-3 (Groundball, 56, EV 104.4 MPH)
Batting: RHB Jonathan Robies 0-0: Foul Ball, location: 2F
0-1: Fly out, F9 (Flyball, 89M, EV 93.1 MPH)
Batting: LHB Leo Gomez 0-0: Ball
1-0: DOUBLE (Groundball, 3L, EV 103.1 MPH)
Batting: RHB Won-jun Park 0-0: Ball
1-0: Foul Ball, location: 2F
1-1: Ball
2-1: SINGLE (Groundball, 56D, EV 95.0 MPH)
Leo Gomez to third
Runner from 3rd tries for Home, throw by LF and OUT! 7-2
Bottom of the 3rd over - 0 runs, 2 hits, 0 errors, 1 left on base; Iowa 6 - Louisville 4
TOP OF THE 4TH
Iowa Cubs batting - Pitching for Louisville Bats : RHP Omar Vinson
Batting: RHB Frank Caulfield 0-0: Called Strike
0-1: Ground out 4-3 (Groundball, 4, EV 100.0 MPH)
Batting: RHB Adam Kelliher 0-0: Called Strike
0-1: DOUBLE (Flyball, 7LD, EV 108.1 MPH)
Batting: RHB Ryan Walker 0-0: Called Strike
0-1: Ball
1-1: Ball
2-1: Ball
3-1: Called Strike
3-2: Ground out 6-3 (Groundball, 56, EV 81.9 MPH)
Batting: LHB Wing-tat Tai 0-0: Foul Ball, location: 2F
0-1: Ball
1-1: Ball
2-1: Foul Ball, location: 2F
2-2: Foul Ball, location: 2F
2-2: Foul Ball, location: 2F
2-2: Foul Ball, location: 2F
2-2: Foul Ball, location: 2F
2-2: Ball
3-2: Base on Balls
Batting: RHB Brad Santanello 0-0: Ball
1-0: Foul Ball, location: 2F
1-1: Foul Ball, location: 2F
1-2: Ground out 5-3 (Groundball, 56S, EV 72.5 MPH)
Top of the 4th over - 0 runs, 1 hit, 0 errors, 2 left on base; Iowa 6 - Louisville 4
BOTTOM OF THE 4TH
Louisville Bats batting - Pitching for Iowa Cubs : RHP Dustin Buckner
Batting: RHB Danny Real 0-0: Ball
1-0: SINGLE (Groundball, P, EV 93.1 MPH) (infield hit)
Batting: SHB Paul Sandoval 0-0: Ball
1-0: Ball
2-0: Fielders Choice at 2nd, 3-6 (Groundball, 3, EV 89.4 MPH)
Batting: RHB Takanibu Kaneshiro 0-0: Ball
Paul Sandoval steals 2nd base
1-0: Ball
2-0: Ground out 4-3 (Groundball, 4, EV 98.8 MPH)
Paul Sandoval to third
Batting: SHB Freddie Farrar 0-0: Fly out, F7 (Flyball, 78D, EV 100.0 MPH)
Bottom of the 4th over - 0 runs, 1 hit, 0 errors, 1 left on base; Iowa 6 - Louisville 4
TOP OF THE 5TH
Iowa Cubs batting - Pitching for Louisville Bats : RHP Omar Vinson
Batting: RHB Josh Asch 0-0: Swinging Strike
0-1: Foul Ball, location: 2F
0-2: Ball
1-2: Strikes out looking
Batting: RHB Ricardo Aguinaga 0-0: Called Strike
0-1: Foul Ball, location: 2F
0-2: SINGLE (Groundball, 6D, EV 103.1 MPH)
Batting: RHB Tim Long 0-0: Hit by Pitch
Ricardo Aguinaga to second
Batting: RHB Khalil Stephens 0-0: Swinging Strike
0-1: Ball
Wild Pitch!
Ricardo Aguinaga to third
Tim Long to second
1-1: Foul Ball, location: 2F
1-2: Ball
2-2: Ball
3-2: Foul Ball, location: 2F
3-2: Base on Balls
Pitching: LHP Jin Zhui
Batting: RHB Frank Caulfield 0-0: Foul Ball, location: 2F
0-1: Ball
1-1: Swinging Strike
1-2: Ball
2-2: SINGLE (Groundball, 34D, EV 101.2 MPH)
Ricardo Aguinaga scores
Tim Long to third
Khalil Stephens to second
Batting: RHB Adam Kelliher 0-0: Called Strike
0-1: Ball
1-1: DOUBLE (Line Drive, 5D, EV 98.1 MPH)
Tim Long scores
Khalil Stephens scores
Frank Caulfield to third
Batting: RHB Ryan Walker 0-0: Ball
1-0: Foul Ball, location: 2F
1-1: Ball
2-1: Foul Ball, location: 2F
2-2: Strikes out swinging
Batting: LHB Wing-tat Tai 0-0: Called Strike
0-1: Called Strike
0-2: Ball
1-2: Strikes out swinging
Top of the 5th over - 3 runs, 3 hits, 0 errors, 2 left on base; Iowa 9 - Louisville 4
BOTTOM OF THE 5TH
Louisville Bats batting - Pitching for Iowa Cubs : RHP Dustin Buckner
Batting: LHB Jamie Spangenberg 0-0: Ball
1-0: Called Strike
1-1: Called Strike
1-2: Ball
2-2: Ball
3-2: Base on Balls
Batting: RHB Bruno André 0-0: Called Strike
0-1: Called Strike
Jamie Spangenberg steals 2nd base
0-2: Ball
1-2: Ball
2-2: Ground out U3 (Groundball, 34, EV 80.0 MPH)
Jamie Spangenberg to third
Batting: RHB Jonathan Robies 0-0: Ball
Wild Pitch!
Jamie Spangenberg scores
1-0: Ball
2-0: Called Strike
2-1: Ball
3-1: Base on Balls
Pitching: LHP Tom Mooney
Batting: LHB Leo Gomez 0-0: Ball
1-0: Ball
2-0: Called Strike
2-1: Ball
3-1: Called Strike
3-2: Grounds into double play, 4-6-3 (Groundball, 4, EV 108.1 MPH)
Bottom of the 5th over - 1 run, 0 hits, 0 errors, 0 left on base; Iowa 9 - Louisville 5
TOP OF THE 6TH
Iowa Cubs batting - Pitching for Louisville Bats : LHP Jin Zhui
Batting: RHB Brad Santanello 0-0: SINGLE (Line Drive, 89S, EV 97.5 MPH)
Batting: RHB Josh Asch 0-0: Called Strike
0-1: Ball
1-1: Foul Ball, location: 2F
1-2: Ball
2-2: Ball
3-2: Base on Balls
Brad Santanello to second
Batting: RHB Ricardo Aguinaga 0-0: Grounds into double play, 5-4-3 (Groundball, 56, EV 104.4 MPH)
Brad Santanello to third
Batting: RHB Tim Long 0-0: Fly out, F6 (Popup, 56, EV 52.5 MPH)
Top of the 6th over - 0 runs, 1 hit, 0 errors, 1 left on base; Iowa 9 - Louisville 5
BOTTOM OF THE 6TH
Louisville Bats batting - Pitching for Iowa Cubs : LHP Tom Mooney
Batting: RHB Won-jun Park 0-0: SOLO HOME RUN (Flyball, 78XD, EV 114.4 MPH), Distance : 426 ft
Batting: RHB Danny Real 0-0: Ball
1-0: Ball
2-0: Ground out 1-3 (Groundball, 13S, EV 68.1 MPH)
Batting: SHB Paul Sandoval 0-0: Ball
1-0: Called Strike
1-1: Ball
2-1: Ground out 1-3 (Groundball, 34S, EV 70.0 MPH)
Batting: RHB Takanibu Kaneshiro 0-0: Fly out, F5 (Popup, 56S, EV 88.8 MPH)
Bottom of the 6th over - 1 run, 1 hit, 0 errors, 0 left on base; Iowa 9 - Louisville 6
TOP OF THE 7TH
Iowa Cubs batting - Pitching for Louisville Bats : LHP Jin Zhui
Pitching: RHP Pedro Torres
Batting: RHB Khalil Stephens 0-0: Called Strike
0-1: Ground out 6-3 (Groundball, 6, EV 106.9 MPH)
Batting: RHB Frank Caulfield 0-0: Called Strike
0-1: Foul Ball, location: 2F
0-2: Ball
1-2: Ball
2-2: Foul Ball, location: 2F
2-2: Ball
3-2: Base on Balls
Batting: RHB Adam Kelliher 0-0: Ball
1-0: Called Strike
Frank Caulfield steals 2nd base
1-1: Fly out, F3 (Popup, 3F, EV 76.9 MPH)
Batting: RHB Ryan Walker 0-0: Foul Ball, location: 2F
0-1: Swinging Strike
0-2: Strikes out swinging
Top of the 7th over - 0 runs, 0 hits, 0 errors, 1 left on base; Iowa 9 - Louisville 6
BOTTOM OF THE 7TH
Louisville Bats batting - Pitching for Iowa Cubs : LHP Tom Mooney
Batting: SHB Freddie Farrar 0-0: Ball
1-0: Called Strike
1-1: Fly out, F9 (Flyball, 89M, EV 85.6 MPH)
Batting: LHB Jamie Spangenberg 0-0: Ball
1-0: Foul Ball, location: 2F
1-1: Called Strike
1-2: Foul Ball, location: 2F
1-2: Ball
2-2: Ball
3-2: Strikes out swinging
Batting: RHB Bruno André 0-0: Called Strike
0-1: Ball
1-1: Swinging Strike
1-2: Strikes out swinging
Bottom of the 7th over - 0 runs, 0 hits, 0 errors, 0 left on base; Iowa 9 - Louisville 6
TOP OF THE 8TH
Iowa Cubs batting - Pitching for Louisville Bats : RHP Pedro Torres
Pitching: RHP Tim Beck
Batting: LHB Wing-tat Tai 0-0: Foul Ball, location: 2F
0-1: Ball
1-1: Foul Ball, location: 2F
1-2: Fly out, F4 (Popup, 34S, EV 67.5 MPH)
Batting: RHB Brad Santanello 0-0: Ground out 6-3 (Groundball, 6, EV 88.8 MPH)
Batting: RHB Josh Asch 0-0: Ball
1-0: Called Strike
1-1: Ball
2-1: Ball
3-1: Base on Balls
Batting: RHB Ricardo Aguinaga 0-0: Called Strike
0-1: Ball
1-1: SINGLE (Groundball, 6MD, EV 103.1 MPH)
Josh Asch to second
Runner from 2nd tries for 3rd, SAFE, throw by CF made to third
Batting: RHB Tim Long 0-0: Called Strike
0-1: Foul Ball, location: 2F
0-2: Ball
1-2: Foul Ball, location: 2F
1-2: SINGLE (Line Drive, 78S, EV 93.8 MPH)
Josh Asch scores
Ricardo Aguinaga to second
Batting: RHB Khalil Stephens 0-0: Foul Ball, location: 2F
0-1: Swinging Strike
0-2: Ball
1-2: Strikes out looking
Top of the 8th over - 1 run, 2 hits, 0 errors, 2 left on base; Iowa 10 - Louisville 6
BOTTOM OF THE 8TH
Louisville Bats batting - Pitching for Iowa Cubs : LHP Tom Mooney
Batting: RHB Jonathan Robies 0-0: Called Strike
0-1: Ground out 6-3 (Groundball, 6M, EV 86.2 MPH)
Batting: LHB Leo Gomez 0-0: Ball
1-0: Ball
2-0: SINGLE (Groundball, 4D, EV 106.2 MPH)
Batting: RHB Won-jun Park 0-0: Called Strike
0-1: Ball
1-1: Swinging Strike
1-2: Strikes out swinging
Batting: RHB Danny Real 0-0: Ball
1-0: Ground out 4-3 (Groundball, 4, EV 88.1 MPH)
Bottom of the 8th over - 0 runs, 1 hit, 0 errors, 1 left on base; Iowa 10 - Louisville 6
TOP OF THE 9TH
Iowa Cubs batting - Pitching for Louisville Bats : RHP Tim Beck
Pitching: RHP Tim Bant
Batting: RHB Frank Caulfield 0-0: Foul Ball, location: 2F
0-1: Called Strike
0-2: Ball
1-2: Fly out, F9 (Flyball, 89M, EV 88.8 MPH)
Pitching: RHP Ragnar Alqvist
Batting: RHB Adam Kelliher 0-0: Foul Ball, location: 2F
0-1: Called Strike
0-2: Ground out 5-3 (Groundball, 56S, EV 78.8 MPH)
Batting: RHB Ryan Walker 0-0: Swinging Strike
0-1: Swinging Strike
0-2: Ball
1-2: Strikes out swinging
Top of the 9th over - 0 runs, 0 hits, 0 errors, 0 left on base; Iowa 10 - Louisville 6
BOTTOM OF THE 9TH
Louisville Bats batting - Pitching for Iowa Cubs : LHP Tom Mooney
Pitching: RHP Nikita Eliseenko
Batting: SHB Paul Sandoval 0-0: Ball
1-0: Called Strike
1-1: Ball
2-1: Foul Ball, location: 2F
2-2: Ball
3-2: Base on Balls
Batting: RHB Takanibu Kaneshiro 0-0: Called Strike
0-1: Swinging Strike
0-2: Strikes out swinging
Batting: SHB Freddie Farrar 0-0: Ball
1-0: Called Strike
1-1: SINGLE (Line Drive, 6D, EV 98.1 MPH)
Paul Sandoval to second
Batting: LHB Jamie Spangenberg 0-0: Ball
1-0: Ball
2-0: Foul Ball, location: 2F
2-1: Foul Ball, location: 2F
2-2: Ball
3-2: Strikes out swinging
Batting: RHB Bruno André 0-0: Ball
1-0: Called Strike
1-1: Ball
2-1: Ball
3-1: Foul Ball, location: 2F
3-2: Base on Balls
Paul Sandoval to third
Freddie Farrar to second
Batting: RHB Jonathan Robies 0-0: Ball
1-0: Swinging Strike
1-1: Swinging Strike
1-2: Foul Ball, location: 2F
1-2: Ball
2-2: Strikes out looking
Bottom of the 9th over - 0 runs, 1 hit, 0 errors, 3 left on base; Iowa 10 - Louisville 6
Sunday, July 16th , 2023 - OOTP Baseball 24.6 Build 69